 Dungeon Crawl Stone Soup version 0.30-a0-1094-g860fb061e7 (webtiles) character file.

Game seed: 7851298505247932012

2330 Pimp the Trooper (level 9, -1/79 HPs)
             Began as a Purple Draconian Fighter on Apr 17, 2023.
             Was an Initiate of Ashenzari.
             Slain by a hornet (13 damage)
             ... on level 7 of the Dungeon.
             The game lasted 00:09:42 (5510 turns).

Pimp the Trooper (Purple Draconian Fighter)         Turns: 5510, Time: 00:09:42

Health: -1/79      AC:  7    Str: 20    XL:     9   Next: 19%
Magic:  14/14      EV: 14    Int: 10    God:    Ashenzari [......]
Gold:   313        SH:  0    Dex: 12    Spells: 15/15 levels left

rFire   x . .      SeeInvis +    d - +10 battleaxe of Atuujap {flame, Fly rF- Will+}
rCold   . . .      Faith    .    (shield currently unavailable)
rNeg    . . .      Spirit   .    (body armour unavailable)
rPois   .          Reflect  .    (helmet restricted)
rElec   .          Rampage  .    (no cloak)
rCorr   .                        (no gloves)
Will    ++...                    (no boots)
Stlth   +                        x - amulet of magic regeneration
HPRegen 0.33/turn                t - ring of see invisible
MPRegen 0.54/turn                q - ring of flight

@: lethally poisoned (-1 -> -10), flying, slowed, very slow
A: breathe power, AC +7, unfitting armour, cold-blooded
a: Breathe Dispelling Energy, Renounce Religion, Curse Item


You were on level 7 of the Dungeon.
You worshipped Ashenzari.
Ashenzari was noncommittal.
You visited 2 branches of the dungeon, and saw 8 of its levels.

You collected 313 gold pieces.

Inventory:

Hand Weapons
 a - a +0 war axe
 d - the +10 battleaxe of Atuujap (weapon) {flame, Fly rF- Will+}
   (You acquired it on level 1 of the Dungeon)

   rF:        It makes you vulnerable to fire.
   Fly:       It grants you flight.
   Will:      It increases your willpower.
Missiles
 i - 2 throwing nets (quivered)
Armour
 b - a +0 buckler
Jewellery
 o - a ring of ice
 q - a ring of flight (right hand)
 t - a ring of see invisible (left hand)
 x - an amulet of magic regeneration (around neck)
 z - an amulet of guardian spirit
Wands
 h - a wand of iceblast (4)
 m - a wand of flame (28)
 u - a wand of mindburst (26)
Scrolls
 e - 4 scrolls of teleportation
 l - a scroll of amnesia
 r - a scroll of noise {unknown}
 v - a scroll of vulnerability {unknown}
 w - a scroll of brand weapon {unknown}
 y - a scroll of acquirement
 B - a scroll of identify
Potions
 c - a potion of might
 f - a potion of mutation {unknown}
 g - a potion of cancellation
 j - a potion of degeneration
 k - 2 potions of heal wounds {unknown}
 n - a potion of invisibility {unknown}
 p - 3 potions of resistance {unknown}
 s - a potion of curing
 A - a potion of attraction {unknown}


   Skills:
 + Level 7.2 Fighting
 + Level 6.2 Axes
 + Level 5.9 Dodging
 + Level 6.6 Shields
 + Level 3.9 Spellcasting


You had 15 spell levels left.
You didn't know any spells.
Your spell library contained the following spells:

 Spells                   Type           Power      Damage    Failure   Level
 Freeze                   Ice            4%         1d3       26%         1
 Magic Dart               Conj           4%         1d3       26%         1
 Call Imp                 Summ           2%         N/A       36%         2
 Frozen Ramparts          Ice            2%         1d1       61%         3
 Gell's Gravitas          Tloc           1%         N/A       61%         3
 Hailstorm                Conj/Ice       1%         3d3       61%         3
 Mephitic Cloud           Conj/Pois/Air  1%         N/A       61%         3
 Teleport Other           Tloc           1%         N/A       61%         3
 Dispersal                Tloc           0%         N/A       100%        6


Dungeon Overview and Level Annotations

Branches:
Dungeon (7/15)             Temple (1/1) D:6

Altars:
Ashenzari
Cheibriados
Dithmenos
Elyvilon
Fedhas
Gozag
Hepliaklqana
Kikubaaqudgha
Makhleb
Nemelex Xobeh
Okawaru
Qazlal
Ru
Sif Muna
Trog
Uskayaw
Vehumet
Wu Jian
Xom
Yredelemnul
Zin
The Shining One

Shops:
D:2 (   D:3 =   D:4 [


Innate Abilities, Weirdness & Mutations

You can breathe bolts of dispelling energy.
Your rich purple scales are hard. (AC +7)
You cannot fit into any form of body armour.
You are cold-blooded and may be slowed by cold attacks.


Message History

The orc wizard hits you but does no damage.
The hornet stings you!
You feel yourself slow down.
You can move again.
You feel better. The hornet stings you!
You are poisoned.
You feel as though you will be slow longer.
The orc hits you with a +0 mace.
* * * LOW HITPOINT WARNING * * *
The orc wizard hits you but does no damage.
The hornet misses you. The orc hits you with a +0 mace!
* * * LOW HITPOINT WARNING * * *
The orc wizard hits you but does no damage.
You feel better. The hornet misses you.
The orc wizard hits you but does no damage.
The orc hits you but does no damage.
The hornet stings you but does no damage.
You slice the hornet!! You burn the hornet.
The hornet is almost dead.
You hit the orc wizard. You burn the orc wizard. You slash the orc!
You burn the orc.
You kill the orc!
You feel yourself speed up. The hornet stings you.
* * * LOW HITPOINT WARNING * * *
You feel yourself slow down. The hornet closely misses you.
The orc wizard closely misses you.
The orc wizard gestures at you while chanting.
The magic dart hits you but does no damage.
The hornet closely misses you.
The bullfrog croaks.
You hit the hornet but do no damage.
The hornet is almost dead.
You slash the orc wizard! You burn the orc wizard.
You kill the orc wizard!
You feel yourself speed up. The hornet stings you!
* * * LOW HITPOINT WARNING * * *
You are poisoned.
You feel yourself slow down. The hornet stings you!
You die...

#)......####≈≈≈##..$...##P~♣♣
#.......##.##≈§≈##F....##♣♣♣
#......>##..##≈§≈##.F..# #.♣♣
#.......##...##≈≈≈##...# #...
#....)..##....##≈≈≈##..# #...
#######.##.....##§§§##.# #...
#.##...!..##§§≈### #...
#.##.)y)...##≈≈≈## ####
#.##..@)....##≈≈≈##
#(.#.........##≈§§##
##.#''##########≈≈≈# #....#
##≈≈# ###### ####


You could see a hornet and a bullfrog.

Vanquished Creatures
  Grinder (D:5)
  A steam dragon (D:7)
  A sky beast (D:7)
  2 ice beasts (D:5)
  2 orc warriors
  An ogre (D:4)
  A phantom (D:7)
  A centaur (D:7)
  3 bullfrogs
  2 scorpions
  A gnoll sergeant (D:5)
  3 electric eels (D:7)
  A lava snake (D:7)
  5 hounds
  A jelly (D:6)
  A gnoll bouda (D:7)
  A sleepcap (D:5)
  5 iguanas
  9 orc wizards
  14 gnolls
  4 adders
  A shadow imp (D:7)
  A worm (D:5)
  3 dart slugs
  21 orcs
  2 bats (D:2)
  5 endoplasms
  A giant cockroach (D:1)
  8 goblins
  5 hobgoblins
  4 jackals (D:4)
  4 kobolds
  2 quokkas
  3 ball pythons
  3 frilled lizards
  2 rats
125 creatures vanquished.

Vanquished Creatures (others)
  27 plants (D:7)
27 creatures vanquished.

Grand Total: 152 creatures vanquished

Notes
Turn   | Place    | Note
-------+----------+-------------------------------------------
     0 | D:1      | Pimp the Draconian Fighter began the quest for the Orb.
     0 | D:1      | Reached XP level 1. HP: 19/19 MP: 1/1
   138 | D:1      | Identified a scroll of acquirement
   138 | D:1      | Acquired the +10 battleaxe of Atuujap {flame, Fly rF-
                  | Will+}
   185 | D:1      | Reached XP level 2. HP: 26/26 MP: 2/2
   508 | D:2      | Found Muinuro's Antique Weapon Boutique.
   539 | D:2      | Reached XP level 3. HP: 29/33 MP: 3/3
  1139 | D:3      | Found a faded altar of an unknown god.
  1285 | D:3      | Found Zusmamos's Jewellery Emporium.
  1831 | D:4      | Reached skill level 4 in Fighting
  1831 | D:4      | Reached XP level 4. HP: 38/40 MP: 4/4
  1932 | D:4      | Found Jeutered's Antique Armour Shop.
  1937 | D:4      | Noticed an ogre
  1944 | D:4      | Killed an ogre
  1945 | D:4      | Reached XP level 5. HP: 6/47 MP: 5/5
  2416 | D:4      | Found a glowing silver altar of Zin.
  2416 | D:4      | Found a shimmering blue altar of Sif Muna.
  2552 | D:5      | Entered Level 5 of the Dungeon
  2574 | D:5      | Reached XP level 6. HP: 52/53 MP: 6/6
  2583 | D:5      | Noticed Grinder
  2591 | D:5      | Killed Grinder
  2592 | D:5      | Reached skill level 5 in Fighting
  2662 | D:5      | Your scales start taking on a rich purple colour.
  2662 | D:5      | Reached XP level 7. HP: 61/61 MP: 7/7
  2798 | D:5      | Reached skill level 5 in Shields
  3381 | D:6      | Reached skill level 6 in Fighting
  3419 | D:6      | Reached skill level 5 in Axes
  3419 | D:6      | Reached skill level 1 in Spellcasting
  3419 | D:6      | Reached XP level 8. HP: 70/70 MP: 9/9
  3446 | D:6      | Reached skill level 5 in Dodging
  3569 | D:6      | Found a staircase to the Ecumenical Temple.
  3692 | Temple   | Entered the Ecumenical Temple
  3915 | Temple   | Became a worshipper of Ashenzari the Shackled
  4470 | D:7      | Found a hazy altar of Hepliaklqana.
  4611 | D:7      | Found a white marble altar of Elyvilon.
  4611 | D:7      | Found a hide-covered altar of Uskayaw.
  4613 | D:7      | Found a radiant altar of Vehumet.
  4613 | D:7      | Found a shadowy altar of Dithmenos.
  4632 | D:7      | Found a shimmering altar of Xom.
  4742 | D:7      | Reached skill level 7 in Fighting
  4742 | D:7      | Reached XP level 9. HP: 9/79 MP: 14/14
  5249 | D:7      | Found an iron altar of Okawaru.
  5504 | D:7      | Paralysed by a hornet for 3 turns
  5510 | D:7      | Slain by a hornet

Illustrated notes

Levels and vault maps discovered:
D:1:      minmay_arrival_wavy_path, layout_rooms
D:2:      layout_loops_ring, serial_shops, shop
D:3:      layout_rooms, serial_shops, shop, nicolae_ecumenical_oubliette
D:4:      layout_gridville, amethyst_overflow_temple_binary, serial_shops, shop,
          kennysheep_path_1, chequers_serial_rivers_room_a
D:5:      layout_rooms, uniq_grinder
D:6:      layout_loops_ring, minmay_temple_entry_tees, nrook_mini_vaults
D:7:      layout_rooms, mainiacjoe_overflow_small_starburst,
          mainiacjoe_overflow_chevrons, grunt_temple_overflow_open,
          serial_bayou, serial_bayou_crossing, serial_bayou_ford_a,
          serial_bayou_pond_b, serial_bayou_lagoon_a,
          kennysheep_opposing_triangles
Temple:   oiseaux_autumnal_temple

Skill      XL: |  1  2  3  4  5  6  7  8  9 |
---------------+----------------------------+-----
Dodging        | 3 4 5 |  5.9
Fighting       | 4 5 6 7 |  7.2
Axes           | 3 4 5 6 |  6.2
Shields        | 4 5 6 |  6.6
Spellcasting   | 1 3 |  3.9

Action                     |  1- 3 |  4- 6 |  7- 9 || total
---------------------------+-------+-------+-------++-------
  Melee: War axe           |     7 |       |       ||     7
         Battleaxe         |    56 |    35 |   111 ||   202
         Tailslap          |     4 |       |     6 ||    10
    Use: Scroll            |     4 |     7 |       ||    11
         Potion            |     1 |     1 |     4 ||     6
   Stab: Sleeping          |     1 |       |       ||     1
 Armour: Skin              |    16 |     6 |    44 ||    66
  Dodge: Dodged            |    49 |    31 |   102 ||   182
  Block: Buckler           |     2 |       |       ||     2

Table legend: (Time is in decaauts)
 A = Elapsed time spent in this place.
 B = Non-inter-level travel time spent in this place.
 C = Inter-level travel time spent in this place.
 D = Time resting spent in this place.
 E = Time spent auto-exploring this place.
 F = Levels seen in this place.
 G = Mean time per level.
                   A        B        C        D        E       F      G
               +--------+--------+--------+--------+--------+-----+--------+
         Total |   5627 |   5336 |    291 |    565 |   3822 |   8 |  703.4 |
       Dungeon |   5366 |   5127 |    239 |    565 |   3627 |   7 |  766.6 |
        Temple |    261 |    209 |     52 |      0 |    195 |   1 |  261.0 |
               +--------+--------+--------+--------+--------+-----+--------+

Top non-repeatable levels by time:
     D:7: 1081 daAuts
     D:6: 844 daAuts
     D:5: 828 daAuts
     D:2: 805 daAuts
     D:4: 781 daAuts
     D:3: 597 daAuts
     D:1: 427 daAuts
  Temple: 261 daAuts
